 Seeded DCSS version 0.30.1-11-g7821555f0a (webtiles) character file.

Game seed: 5 (custom seed)

8564 Kazon the Shield-Bearer (level 11, 0/54 HPs)
             Began as a Vine Stalker Fighter on Dec 21, 2023.
             Was an Elder of Makhleb.
             Slain by a vampire (4 damage)
             ... on level 9 of the Dungeon on Dec 22, 2023.
             The game lasted 00:33:55 (6927 turns).

Kazon the Shield-Bearer (Vine Stalker Fighter)      Turns: 6927, Time: 00:33:55

Health: 0/54       AC: 13    Str: 18    XL:     11   Next: 32%
Magic:  0/25       EV: 11    Int:  8    God:    Makhleb [****..]
Gold:   491        SH: 18    Dex: 24    Spells: 10/10 levels left

rFire   . . .        h - +2 dagger (holy)
rCold   . . .        c - +0 tower shield
rNeg    . . .        M - +0 steam dragon scales
rPois   +            j - +0 helmet
rElec   +            R - +0 cloak
rCorr   .            F - +0 pair of gloves
SInv    .            (no boots)
Will    +....        (no amulet)
Stlth   +++          p - ring of Daij {rElec rPois AC+4 Dex+5 Slay+2}
HPRegen 1.09/turn    r - ring of magical power
MPRegen 0.19/turn

%: guardian spirit
@: no status effects
A: fangs 3, regeneration 1, magic shield, antimagic bite, no potion heal 2
a: Renounce Religion, Minor Destruction, Lesser Servant of Makhleb, Major
Destruction


You were on level 9 of the Dungeon.
You worshipped Makhleb.
Makhleb was greatly pleased with you.
You visited 2 branches of the dungeon, and saw 10 of its levels.
You also visited: Ossuary.

You collected 662 gold pieces.
You spent 171 gold pieces at shops.

Inventory:

Hand Weapons
 e - a +2 vampiric dagger
 f - a +0 hand axe of flaming
 h - a +2 dagger of holy wrath (weapon)
 v - a +0 vampiric hand axe
Missiles
 k - 16 boomerangs (quivered)
 w - 15 poisoned darts
 P - 2 throwing nets
Armour
 c - a +0 tower shield (worn)
 j - a +0 helmet (worn)
 F - a +0 pair of gloves (worn)
 M - +0 steam dragon scales (worn)
 R - a +0 cloak (worn)
Jewellery
 p - the ring of Daij (left hand) {rElec rPois AC+4 Dex+5 Slay+2}
   (You acquired it on level 1 of the Dungeon)

   [ring of protection]

   AC:        It affects your AC (+4).
   Dex:       It affects your dexterity (+5).
   Slay:      It affects your accuracy & damage with ranged weapons and melee
   (+2).
   rElec:     It insulates you from electricity.
   rPois:     It protects you from poison.
 r - a ring of magical power (right hand)
Wands
 B - a wand of paralysis (8)
 N - a wand of digging (7)
 O - a wand of light (7)
 Q - a wand of polymorph (4)
Scrolls
 g - 2 scrolls of fog {unknown}
 n - 2 scrolls of blinking {unknown}
 o - 4 scrolls of identify
 q - 2 scrolls of magic mapping {unknown}
 s - 2 scrolls of summoning {unknown}
 t - 3 scrolls of teleportation {unknown}
 x - a scroll of amnesia {unknown}
 y - a scroll of torment {unknown}
 E - a scroll of poison {unknown}
 G - 2 scrolls of fear {unknown}
 J - a scroll of enchant weapon {unknown}
 K - a scroll of enchant armour {unknown}
Potions
 a - a potion of ambrosia {unknown}
 b - a potion of cancellation {unknown}
 d - a potion of might
 i - 2 potions of invisibility {unknown}
 l - 2 potions of berserk rage {unknown}
 m - 5 potions of curing
 u - 5 potions of flight {unknown}
 z - 4 potions of heal wounds {unknown}
 A - a potion of haste {unknown}
 C - a potion of lignification {unknown}
 D - 4 potions of attraction {unknown}
 H - a potion of resistance {unknown}
 I - 3 potions of brilliance {unknown}
 L - a potion of magic


   Skills:
 + Level 4.7 Fighting
 + Level 3.6(4.3) Short Blades
 + Level 3.2(4.0) Long Blades
 + Level 4.8(5.2) Axes
 + Level 3.1(4.4) Maces & Flails
 + Level 3.3 Throwing
 + Level 4.3 Armour
 + Level 2.5 Dodging
 + Level 4.1 Stealth
 + Level 7.7 Shields
 + Level 6.0 Invocations
 * Level 6.6 Evocations


You had 10 spell levels left.
You didn't know any spells.
Your spell library contained the following spells:

 Spells                   Type           Power      Damage    Failure   Level
 Frozen Ramparts          Ice            0%         1d1       100%        3
 Ignite Poison            Fire/Tmut/Pois 0%         N/A       100%        3
 Ice Form                 Ice/Tmut       0%         N/A       100%        4
 Sticky Flame             Conj/Fire      0%         2d3       100%        4
 Summon Ice Beast         Ice/Summ       0%         N/A       100%        4
 Summon Forest            Summ/Tloc      0%         N/A       100%        5
 Eringya's Noxious Bog    Tmut/Pois      0%         N/A       100%        6
 Summon Hydra             Summ           0%         N/A       100%        7
 Ignition                 Fire           0%         3d3       100%        8


Dungeon Overview and Level Annotations

Branches:
Dungeon (9/15)             Temple (1/1) D:4            Lair (0/5) D:8
Ossuary (visited)
    Orc: D:9-12

Altars:
Dithmenos
Fedhas
Gozag
Hepliaklqana
Makhleb
Qazlal
Wu Jian
Xom
The Shining One

Shops:
D:8 *


Innate Abilities, Weirdness & Mutations

You have razor-sharp teeth.
Your natural rate of healing is unusually fast.
When hurt, damage is shared between your health and your magic reserves.
Your bite disrupts and absorbs the magic of your enemies.
Potions cannot restore your health.


Message History

You feel invigorated. You block something's attack.
Something bites you but does no damage.
You closely miss something. You barely miss something. You bite something.
You block something's attack. Something bites you but does no damage.
You hit something. You block something's attack. Something bites you.
Something draws strength from your injuries!
You barely miss something. You closely miss something.
Your bite misses something. Something hits you.
Something bites you but does no damage.
You hit something but do no damage. You bite something. You drain its magic.
You feel invigorated. Something hits you. You block something's attack.
You hit something. Your bite misses something. Something completely misses you.
Something bites you but does no damage.
You barely miss something. You bite something. You drain its magic.
You feel invigorated. Something hits you but does no damage.
Something bites you but does no damage.
You hit something but do no damage. You bite something.
Something completely misses you. Something bites you but does no damage.
You puncture something! You bite something. You barely miss something.
Something hits you. Something bites you.
Something draws strength from your injuries!
Something hits you. Something bites you.
Something draws strength from your injuries!
You closely miss something. Your bite misses something.
You hit something but do no damage. Your bite misses something.
Something hits you. You block something's attack. Something hits you!
Something bites you!
Something draws strength from your injuries!
You hit something but do no damage. You bite something. Something hits you!
* * * LOW HITPOINT WARNING * * *
Something bites you.
* * * LOW HITPOINT WARNING * * *
Something draws strength from your injuries!
You hit something but do no damage. Something hits you.
Something bites you but does no damage.
You hit something. Something hits you!
* * * LOW HITPOINT WARNING * * *
Something bites you.
You die...

#####............##..##....##.##.
.)..................##..#.##...##
####......#............##........
#.##.########....#.##..#.....#
###.##.# #...##....##.....#
#...##.# #..##..#.##..#.#..
#.####.# #.....##....##.##. #.#
#.# ######3...##....##...## #.#
#.# #....{@................ #.#
#.# #.#####...##....##...## #.#
#.# #....##....##.##. #.# #.#
#.##..#.##.)#.#.. #.# #.#
##..##....##.....# #.# #.#
#....#.##..#.....# #.# #.#
#.......##........ #.####.#
#....##..#.##...## ##.##...#
#....##....##.##.


You could see a friendly ynoxinul (summoned).

Vanquished Creatures
  A two-headed ogre (D:7)
  Maurice (D:9)
  2 polar bears (D:8)
  A hornet (D:9)
  2 shadows (D:9)
  Sigmund (D:4)
  A vampire (D:9)
  A yak (D:8)
  A basilisk (D:8)
  A steam dragon (D:8)
  Duvessa (D:6)
  6 water moccasins
  An ice beast (D:8)
  An orc warrior (D:9)
  A sky beast (D:7)
  4 black bears
  3 wolves (D:8)
  5 centaurs
  2 ogres
  An elf zombie (Ossuary)
  A kobold brigand (D:7)
  A bullfrog (D:8)
  A gnoll sergeant (D:8)
  3 scorpions
  8 killer bees
  15 wights
  Dowan (D:6)
  3 howler monkeys
  A vampire bat (D:7)
  An electric eel (D:8)
  6 hounds
  A wyvern simulacrum (D:8)
  A centaur zombie (Ossuary)
  4 orc priests
  3 human zombies (Ossuary)
  A jelly (D:5)
  6 iguanas
  9 orc wizards
  4 ogre zombies (Ossuary)
  A centaur simulacrum (D:8)
  7 mummies (Ossuary)
  11 gnolls
  9 adders
  A shadow imp (D:8)
  A white imp (D:7)
  2 ufetubi
  A worm zombie (D:7)
  2 adder zombies (Ossuary)
  3 worms
  24 orcs
  12 bats
  9 endoplasms
  A giant cockroach (D:1)
  12 goblins
  7 hobgoblins
  11 jackals
  13 kobolds
  3 quokkas (D:4)
  6 ball pythons
  3 frilled lizards
  4 goblin zombies (Ossuary)
  6 hobgoblin zombies
  3 kobold zombies
  4 quokka zombies (Ossuary)
  4 rats
  4 rat zombies (Ossuary)
271 creatures vanquished.

Vanquished Creatures (collateral kills)
  A wyvern (D:8)
  2 basilisks (D:8)
  A black bear (D:8)
  A kobold brigand (D:9)
  A howler monkey (D:9)
  2 kobolds (D:9)
8 creatures vanquished.

Grand Total: 279 creatures vanquished

Notes
Turn   | Place    | Note
-------+----------+-------------------------------------------
     0 | D:1      | Kazon the Vine Stalker Fighter began the quest for the Orb.
     0 | D:1      | Reached XP level 1. HP: 11/11 MP: 2/2
    43 | D:1      | Identified a scroll of acquirement
    43 | D:1      | Acquired the ring of Daij {rElec rPois AC+4 Dex+5 Slay+2}
    59 | D:1      | Reached XP level 2. HP: 16/16 MP: 3/3
   125 | D:1      | Reached skill level 3 in Shields
   297 | D:1      | Reached XP level 3. HP: 20/20 MP: 4/4
   974 | D:2      | Gained mutation: Your natural rate of healing is unusually
                  | fast. [Vine Stalker growth]
   974 | D:2      | Reached XP level 4. HP: 23/24 MP: 3/5
  1390 | D:2      | Reached skill level 1 in Stealth
  1490 | D:3      | Found a blossoming altar of Fedhas.
  1551 | D:3      | Reached skill level 1 in Axes
  1551 | D:3      | Reached XP level 5. HP: 28/28 MP: 6/6
  1618 | D:3      | Found a stormy altar of Qazlal.
  1683 | D:3      | Found a faded altar of an unknown god.
  1868 | D:3      | Identified the +2 sling "Qeuhanocyt" {speed, rElec Str-3
                  | Dex+2}
  1958 | D:4      | Found a staircase to the Ecumenical Temple.
  1966 | Temple   | Entered the Ecumenical Temple
  1982 | Temple   | Became a worshipper of Makhleb the Destroyer
  2380 | D:4      | Noticed Sigmund
  2396 | D:4      | Killed Sigmund
  2397 | D:4      | Reached skill level 1 in Throwing
  2397 | D:4      | Reached skill level 1 in Invocations
  2397 | D:4      | Reached XP level 6. HP: 28/32 MP: 7/7
  2427 | D:4      | Noticed a black bear
  2443 | D:4      | Killed a black bear
  2444 | D:4      | Reached skill level 1 in Short Blades
  2444 | D:4      | Reached XP level 7. HP: 31/36 MP: 9/9
  2454 | D:4      | Found a hazy altar of Hepliaklqana.
  2455 | D:4      | Found a shadowy altar of Dithmenos.
  2455 | D:4      | Noticed a shadow
  2745 | D:5      | Entered Level 5 of the Dungeon
  2787 | D:5      | Reached * piety under Makhleb
  2806 | D:5      | Reached skill level 1 in Evocations
  2905 | D:5      | Reached skill level 1 in Dodging
  2935 | D:5      | Reached skill level 4 in Shields
  2949 | D:5      | Gained mutation: You have razor-sharp teeth. [Vine Stalker
                  | growth]
  2949 | D:5      | Reached XP level 8. HP: 40/40 MP: 10/10
  3216 | D:6      | Noticed Dowan
  3217 | D:6      | Noticed Duvessa
  3227 | D:6      | Killed Duvessa
  3231 | D:6      | Killed Dowan
  3381 | D:6      | Found a shimmering altar of Xom.
  3409 | D:6      | You fall into a shaft and drop 1 floor!
  3517 | D:7      | Found a sand-covered staircase.
  3534 | Ossuary  | Entered an ossuary
  3594 | Ossuary  | Reached ** piety under Makhleb
  3630 | Ossuary  | Reached XP level 9. HP: 39/44 MP: 12/12
  3814 | Ossuary  | Reached skill level 1 in Maces & Flails
  4035 | D:7      | Noticed a two-headed ogre
  4050 | D:7      | Killed a two-headed ogre
  4051 | D:7      | Reached skill level 5 in Shields
  4068 | D:7      | Reached *** piety under Makhleb
  4251 | D:6      | Reached skill level 5 in Invocations
  4450 | D:7      | Reached XP level 10. HP: 50/50 MP: 14/14
  4644 | D:7      | Reached skill level 6 in Shields
  4644 | D:7      | Reached skill level 5 in Evocations
  5065 | D:8      | Reached **** piety under Makhleb
  5273 | D:8      | Found a staircase to the Lair.
  5279 | D:8      | Found Izo Qiri's Assorted Antiques.
  5300 | D:8      | Bought a scroll labelled JIYFIZX FOFUA for 29 gold pieces
  5300 | D:8      | Bought a sedimented brown potion for 26 gold pieces
  5300 | D:8      | Bought a curved iron wand for 116 gold pieces
  5501 | D:8      | Reached XP level 11. HP: 54/54 MP: 16/16
  5515 | D:8      | Reached skill level 7 in Shields
  6519 | D:9      | Noticed Maurice
  6589 | D:9      | Killed Maurice
  6927 | D:9      | Slain by a vampire

Illustrated notes

Levels and vault maps discovered:
D:1:      ebering_trefoil_3fold, layout_basic, st_stairs_14, serial_bayou_ford_a
D:2:      layout_basic, hangedman_decor_growths, minmay_close_crescents
D:3:      layout_rooms, mainiacjoe_overflow_concentric_impassable,
          mainiacjoe_overflow_paths, shapermc_ecumenical_altar_acropolis,
          chequers_serial_rivers_micro_b
D:4:      layout_basic, riverfiend_overflow_shadow_ancestor,
          minmay_temple_entry_glass, uniq_sigmund
D:5:      layout_gridville
D:6:      layout_basic, xom_teletrap_fun, uniq_duvessa
D:7:      layout_loops_ring, enter_ossuary_3, roderic_batcave
D:8:      layout_layer_cave, minmay_lair_entry_grove, serial_shops,
          nicolae_lakefront_shop, serial_ice, serial_ice_o, serial_ice_d,
          serial_ice_k, serial_ice_a
D:9:      layout_loops_ring, nicolae_wwwww, uniq_maurice
Temple:   nicolae_temple_elliptical

Skill      XL: |  1  2  3  4  5  6  7  8  9 10 11 |
---------------+----------------------------------+-----
Shields        | 3 4 5 6 7 |  7.7
Fighting       | 3 4 |  4.7
Long Blades    | 2 3 |  3.2
Stealth        | 1 2 3 4 |  4.1
Axes           | 1 2 4 |  4.8
Throwing       | 1 2 3 |  3.3
Armour         | 3 4 |  4.3
Invocations    | 1 2 3 5 6 |  6.0
Short Blades   | 1 2 3 |  3.6
Evocations     | 1 2 4 6 |  6.6
Dodging        | 1 2 |  2.5
Maces & Flails | 2 3 |  3.1

Action                     |  1- 3 |  4- 6 |  7- 9 | 10-12 || total
---------------------------+-------+-------+-------+-------++-------
  Melee: Long sword        |    81 |    52 |       |       ||   133
         Bite              |    15 |    24 |   135 |   129 ||   303
         Dagger            |       |    62 |   156 |    96 ||   314
         Hand axe          |       |       |    82 |   181 ||   263
         Whip              |       |       |   136 |    44 ||   180
         Unarmed           |       |       |       |     3 ||     3
  Throw: Stone             |       |    12 |    31 |       ||    43
         Dart              |       |       |     3 |       ||     3
         Boomerang         |       |       |     4 |     3 ||     7
 Invoke: Minor Destruction |       |       |    21 |    36 ||    57
         Lesser Servant of |       |       |       |     3 ||     3
    Use: Scroll            |     2 |       |       |     1 ||     3
         Potion            |     1 |       |       |     1 ||     2
   Stab: Sleeping          |       |       |     8 |     8 ||    16
         Distracted        |       |       |     1 |     1 ||     2
 Armour: Scale mail        |    27 |    44 |   127 |    67 ||   265
         Steam dragon scal |       |       |       |    50 ||    50
         Skin              |       |       |       |     1 ||     1
  Dodge: Dodged            |    19 |    19 |    70 |    65 ||   173
  Block: Buckler           |    10 |       |       |       ||    10
         Tower shield      |    27 |    79 |   293 |   304 ||   703
